NCAA
FLORIDA STATE SEMINOLES @ OHIO STATE BUCKEYES
04/19/2024
 
TOP OF THE 1ST
Florida State Seminoles batting - Pitching for Ohio State Buckeyes : RHP Andrew Dodson
Pitching: RHP Andrew Dodson
Batting: RHB Art Cameron 0-0: Ball
1-0: Ball
2-0: Foul Ball, location: 2F
2-1: Swinging Strike
2-2: Strikes out swinging
Batting: RHB Rusty Bennett 0-0: Called Strike
0-1: Swinging Strike
0-2: Ball
1-2: Strikes out looking
Batting: LHB Max Hebert 0-0: Ball
1-0: Ball
2-0: SINGLE (Groundball, 56D)
Batting: LHB Richard Olvera 0-0: Ball
Max Hebert is caught stealing 2nd base
Top of the 1st over - 0 run(s), 1 hit(s), 0 error(s), 0 left on base; Florida State 0 - Ohio State 0
BOTTOM OF THE 1ST
Ohio State Buckeyes batting - Pitching for Florida State Seminoles : LHP Jorge Araña
Pitching: LHP Jorge Araña
Batting: SHB Devin Smith 0-0: Ball
1-0: Ball
2-0: Foul Ball, location: 2F
2-1: Fly out, F9 (Flyball, 89M)
Batting: RHB Gabriel Soto 0-0: Swinging Strike
0-1: Ground out 1-3 (Groundball, 15)
Batting: RHB Júlio Morales 0-0: Called Strike
0-1: Swinging Strike
0-2: Ball
1-2: Strikes out swinging
Bottom of the 1st over - 0 run(s), 0 hit(s), 0 error(s), 0 left on base; Florida State 0 - Ohio State 0
TOP OF THE 2ND
Florida State Seminoles batting - Pitching for Ohio State Buckeyes : RHP Andrew Dodson
Batting: LHB Richard Olvera 0-0: Called Strike
0-1: Foul Ball, location: 2F
0-2: Ball
1-2: Foul Ball, location: 2F
1-2: Strikes out looking
Batting: SHB Chris Morse 0-0: Ball
1-0: Ball
2-0: Ball
3-0: Foul Ball, location: 2F
3-1: Called Strike
3-2: Strikes out swinging
Batting: RHB Pedro López 0-0: Fly out, F7 (Flyball, 78M)
Top of the 2nd over - 0 run(s), 0 hit(s), 0 error(s), 0 left on base; Florida State 0 - Ohio State 0
BOTTOM OF THE 2ND
Ohio State Buckeyes batting - Pitching for Florida State Seminoles : LHP Jorge Araña
Batting: SHB Thomas Simmons 0-0: Ball
1-0: Ball
2-0: Foul Ball, location: 2F
2-1: Swinging Strike
2-2: Foul Ball, location: 2F
2-2: Strikes out swinging
Batting: LHB Frank García 0-0: Swinging Strike
0-1: Called Strike
0-2: Strikes out swinging
Batting: RHB Santiago Gutiérrez 0-0: Ball
1-0: Swinging Strike
1-1: Called Strike
1-2: Hit by Pitch
Batting: LHB Joel Nelson 0-0: Called Strike
0-1: Ball
1-1: Ball
2-1: Foul Ball, location: 2F
2-2: Strikes out swinging
Bottom of the 2nd over - 0 run(s), 0 hit(s), 0 error(s), 1 left on base; Florida State 0 - Ohio State 0
TOP OF THE 3RD
Florida State Seminoles batting - Pitching for Ohio State Buckeyes : RHP Andrew Dodson
Batting: RHB Mike Cleveland 0-0: Ground out 6-3 (Groundball, 6M)
Batting: RHB Larry Davis 0-0: Ball
1-0: Foul Ball, location: 2F
1-1: Swinging Strike
1-2: Foul Ball, location: 2F
1-2: Ball
2-2: Ball
3-2: Base on Balls
Batting: RHB Elliott Bell 0-0: Foul Ball, location: 2F
0-1: Ball
1-1: Ball
2-1: Fly out, F6 (Line Drive, 6)
2-1: Fly out, F6 (Line Drive, 6)
Batting: RHB Art Cameron 0-0: Ground out 1-3 (Groundball, 15)
Top of the 3rd over - 0 run(s), 0 hit(s), 0 error(s), 1 left on base; Florida State 0 - Ohio State 0
BOTTOM OF THE 3RD
Ohio State Buckeyes batting - Pitching for Florida State Seminoles : LHP Jorge Araña
Batting: RHB Will Anderson 0-0: Reached on error, E5 (Groundball, 56)
Batting: SHB Bill House 0-0: Ball
1-0: Fly out, F8 (Flyball, 78M)
Batting: SHB Devin Smith 0-0: Foul Ball, location: 2F
0-1: Ball
1-1: Swinging Strike
1-2: Strikes out swinging
Batting: RHB Gabriel Soto 0-0: Called Strike
0-1: Ball
1-1: Ball
2-1: Called Strike
2-2: Strikes out looking
Bottom of the 3rd over - 0 run(s), 0 hit(s), 1 error(s), 1 left on base; Florida State 0 - Ohio State 0
TOP OF THE 4TH
Florida State Seminoles batting - Pitching for Ohio State Buckeyes : RHP Andrew Dodson
Batting: RHB Rusty Bennett 0-0: Ball
1-0: Ball
2-0: Foul Ball, location: 2F
2-1: Foul Ball, location: 2F
2-2: Foul Ball, location: 2F
2-2: DOUBLE (Line Drive, 5L)
Batting: LHB Max Hebert 0-0: Fly out, F6 (Popup, 6D)
Batting: LHB Richard Olvera 0-0: Ball
1-0: Swinging Strike
1-1: Foul Ball, location: 2F
1-2: Ball
2-2: Foul Ball, location: 2F
2-2: Fly out, F3 (Line Drive, 34S)
Batting: SHB Chris Morse 0-0: 2-RUN HOME RUN (Flyball, 9D), Distance : 362 ft
Batting: RHB Pedro López 0-0: Ball
1-0: Foul Ball, location: 2F
1-1: Ball
2-1: Foul Ball, location: 2F
2-2: Strikes out swinging, 2-3 out at first.
Top of the 4th over - 2 run(s), 2 hit(s), 0 error(s), 0 left on base; Florida State 2 - Ohio State 0
BOTTOM OF THE 4TH
Ohio State Buckeyes batting - Pitching for Florida State Seminoles : LHP Jorge Araña
Batting: RHB Júlio Morales 0-0: Foul Ball, location: 2F
0-1: Ball
1-1: Called Strike
1-2: Ball
2-2: Foul Ball, location: 2F
2-2: Foul Ball, location: 2F
2-2: Strikes out swinging
Batting: SHB Thomas Simmons 0-0: Foul Ball, location: 2F
0-1: Ball
1-1: Ball
2-1: Called Strike
2-2: Ball
3-2: Base on Balls
Batting: LHB Frank García 0-0: Called Strike
Thomas Simmons is caught stealing 2nd base
0-1: Ball
1-1: Ball
2-1: Foul Ball, location: 2F
2-2: Foul Ball, location: 2F
2-2: Fly out, F4 (Popup, 13)
Bottom of the 4th over - 0 run(s), 0 hit(s), 0 error(s), 0 left on base; Florida State 2 - Ohio State 0
TOP OF THE 5TH
Florida State Seminoles batting - Pitching for Ohio State Buckeyes : RHP Andrew Dodson
Batting: RHB Mike Cleveland 0-0: Ball
1-0: Swinging Strike
1-1: Foul Ball, location: 2F
1-2: Ball
2-2: Foul Ball, location: 2F
2-2: Foul Ball, location: 2F
2-2: Ball
3-2: SINGLE (Groundball, 4MD)
Batting: RHB Larry Davis 0-0: Grounds into double play, 4-6-3 (Groundball, 4)
Batting: RHB Elliott Bell 0-0: Ball
1-0: Swinging Strike
1-1: Ball
2-1: Ground out 5-3 (Groundball, 5L)
Top of the 5th over - 0 run(s), 1 hit(s), 0 error(s), 0 left on base; Florida State 2 - Ohio State 0
BOTTOM OF THE 5TH
Ohio State Buckeyes batting - Pitching for Florida State Seminoles : LHP Jorge Araña
Batting: RHB Santiago Gutiérrez 0-0: Called Strike
0-1: Called Strike
0-2: Foul Ball, location: 2F
0-2: Ground out 1-3 (Groundball, 13S)
Batting: LHB Joel Nelson 0-0: Ball
1-0: Ball
2-0: Called Strike
2-1: Fly out, F8 (Flyball, 89XD)
Batting: RHB Will Anderson 0-0: Called Strike
0-1: Ball
1-1: Ground out 6-3 (Groundball, 6)
Bottom of the 5th over - 0 run(s), 0 hit(s), 0 error(s), 0 left on base; Florida State 2 - Ohio State 0
TOP OF THE 6TH
Florida State Seminoles batting - Pitching for Ohio State Buckeyes : RHP Andrew Dodson
Batting: RHB Art Cameron 0-0: Ball
1-0: Called Strike
1-1: Foul Ball, location: 2F
1-2: Ball
2-2: Ball
3-2: Strikes out swinging
Batting: RHB Rusty Bennett Reached via error on a dropped throw, E1
Batting: LHB Max Hebert 0-0: Ball
Rusty Bennett is caught stealing 2nd base
1-0: Reached on error, E4 (Groundball, 4)
Batting: LHB Richard Olvera 0-0: Ball
1-0: Foul Ball, location: 2F
1-1: Called Strike
1-2: Ball
2-2: Foul Ball, location: 2F
2-2: Fly out, F6 (Popup, 4MD)
Top of the 6th over - 0 run(s), 0 hit(s), 2 error(s), 1 left on base; Florida State 2 - Ohio State 0
BOTTOM OF THE 6TH
Ohio State Buckeyes batting - Pitching for Florida State Seminoles : LHP Jorge Araña
Batting: SHB Bill House 0-0: Ground out 6-3 (Groundball, 6S)
Batting: SHB Devin Smith 0-0: Ball
1-0: Ball
2-0: Ball
3-0: Base on Balls
Batting: RHB Gabriel Soto 0-0: Swinging Strike
0-1: Ball
1-1: Swinging Strike
1-2: Fly out, F3 (Popup, 3F)
Batting: RHB Júlio Morales 0-0: Ball
1-0: Swinging Strike
1-1: Ball
2-1: Reached on error, E5 (Groundball, 5S)
Devin Smith to third
Batting: SHB Thomas Simmons 0-0: Foul Ball, location: 2F
0-1: Foul Ball, location: 2F
0-2: TRIPLE (Flyball, 8LS)
Devin Smith scores
Júlio Morales scores
Pitching: RHP Steve Hopkins
Batting: LHB Frank García 0-0: Swinging Strike
0-1: Fly out, F8 (Line Drive, 8RM)
Bottom of the 6th over - 2 run(s), 1 hit(s), 1 error(s), 1 left on base; Florida State 2 - Ohio State 2
TOP OF THE 7TH
Florida State Seminoles batting - Pitching for Ohio State Buckeyes : RHP Andrew Dodson
Pitching: RHP Bartolo Villarreal
Batting: SHB Chris Morse 0-0: SINGLE (Groundball, 6MD)
Batting: RHB Pedro López 0-0: Sac Bunt - play at first, batter OUT! 5-4
Chris Morse to second
Batting: RHB Mike Cleveland 0-0: Intentional Walk
Batting: RHB Larry Davis 0-0: Called Strike
0-1: Foul Ball, location: 2F
0-2: Ball
1-2: Foul Ball, location: 2F
1-2: Ball
2-2: Ball
3-2: Strikes out swinging
Batting: RHB Elliott Bell 0-0: Ball
1-0: Ball
2-0: Called Strike
2-1: Swinging Strike
2-2: Strikes out swinging
Top of the 7th over - 0 run(s), 1 hit(s), 0 error(s), 2 left on base; Florida State 2 - Ohio State 2
BOTTOM OF THE 7TH
Ohio State Buckeyes batting - Pitching for Florida State Seminoles : RHP Steve Hopkins
Batting: RHB Santiago Gutiérrez 0-0: Called Strike
0-1: SOLO HOME RUN (Flyball, 7LD), Distance : 341 ft
Batting: LHB Joel Nelson 0-0: Ball
1-0: Ball
2-0: Called Strike
2-1: Fly out, F9 (Line Drive, 9S)
Batting: RHB Will Anderson 0-0: Fly out, F3 (Popup, 3F)
Batting: SHB Bill House 0-0: SINGLE (Groundball, 34D)
Batting: SHB Devin Smith 0-0: Foul Ball, location: 2F
0-1: Ball
1-1: Ball
2-1: Ball
3-1: Called Strike
3-2: Foul Ball, location: 2F
3-2: Strikes out looking
Bottom of the 7th over - 1 run(s), 2 hit(s), 0 error(s), 1 left on base; Florida State 2 - Ohio State 3
TOP OF THE 8TH
Florida State Seminoles batting - Pitching for Ohio State Buckeyes : RHP Bartolo Villarreal
Batting: RHB Art Cameron 0-0: Ball
1-0: Reached on error, E5 (Groundball, 56)
Batting: RHB Rusty Bennett 0-0: Bunted foul
0-1: Ball
1-1: Ball
2-1: Bunted foul
2-2: Foul Ball, location: 2F
2-2: Grounds into double play, 6-4-3 (Groundball, 6)
Pitching: LHP Howard Mack
Batting: LHB Max Hebert 0-0: Called Strike
0-1: Ball
1-1: Swinging Strike
1-2: Foul Ball, location: 2F
1-2: Ball
2-2: Strikes out swinging
Top of the 8th over - 0 run(s), 0 hit(s), 1 error(s), 0 left on base; Florida State 2 - Ohio State 3
BOTTOM OF THE 8TH
Ohio State Buckeyes batting - Pitching for Florida State Seminoles : RHP Steve Hopkins
Batting: RHB Gabriel Soto 0-0: Ground out 5-3 (Groundball, 5L)
Batting: RHB Júlio Morales 0-0: Foul Ball, location: 2F
0-1: Ball
1-1: Ground out 6-3 (Groundball, 6)
Batting: SHB Thomas Simmons 0-0: Called Strike
0-1: Called Strike
0-2: Ball
1-2: Ball
2-2: Ground out 5-3 (Groundball, 5)
Bottom of the 8th over - 0 run(s), 0 hit(s), 0 error(s), 0 left on base; Florida State 2 - Ohio State 3
TOP OF THE 9TH
Florida State Seminoles batting - Pitching for Ohio State Buckeyes : LHP Howard Mack
Pitching: RHP Roger Stewart
Now at C: John Robertson
Batting: LHB Richard Olvera 0-0: Swinging Strike
0-1: Ball
1-1: Called Strike
1-2: Ball
2-2: Fly out, F6 (Popup, 6D)
Batting: SHB Chris Morse 0-0: Swinging Strike
0-1: Foul Ball, location: 2F
0-2: Strikes out looking
Batting: RHB Pedro López 0-0: SOLO HOME RUN (Flyball, 7D), Distance : 348 ft
Batting: RHB Mike Cleveland 0-0: Called Strike
0-1: Ball
1-1: Ground out 5-3 (Groundball, 5S)
Top of the 9th over - 1 run(s), 1 hit(s), 0 error(s), 0 left on base; Florida State 3 - Ohio State 3
BOTTOM OF THE 9TH
Ohio State Buckeyes batting - Pitching for Florida State Seminoles : RHP Steve Hopkins
Batting: LHB Frank García 0-0: Hit by Pitch
Batting: RHB Santiago Gutiérrez 0-0: Bunted foul
0-1: Ball
1-1: Bunt missed!
1-2: Ball
2-2: Foul Ball, location: 2F
2-2: Ball
3-2: Base on Balls
Frank García to second
Batting: LHB Joel Nelson 0-0: Ball
1-0: SINGLE (Groundball, 56D)
Frank García to third
Santiago Gutiérrez to second
Runner from 3rd tries for Home, SAFE, no throw or cutoff
This league is powered by Out of the Park Baseball, the baseball management simulation game for PC, Mac and Linux
Saturday, April 9th, 2016 - OOTP Baseball 16.8 Build 38